cohdb
Replays
Latest Replays
All Replays
Popular Replays
Top Player Replays
Match Explorer
How It Works
Community
CoH3 Stats
Reddit
Sign in to upload your games and track your stats! →
Sign in with Steam
Match 43609234
Unlisted
Match 43609234
Overview
Messages
Build Orders
End
Construct Section Command Post
Infantry Section
Vickers Machine Gun Team
Infantry Section
Grenade Package
Selects Canadian Shock Battlegroup
Selects Incendiary Munitions
Construct Platoon Command Post
Selects Attacking Spirit
Selects Canadian Shock Section
CMP 15cwt Truck
Canadian Shock Section
6-pounder Anti-tank Gun Team
Forward Retreat Point
Construct Company Command Post
Selects Pyrotechnics
Crusader II Medium Tank
Crusader II Medium Tank
Unlock Bishop Self-propelled Artillery
Bishop Self-propelled Artillery
Royal Engineer Section
Selects Churchill Crocodile Heavy Tank
Brazuca
FAOGozalo
bigcheese
UltraM
0
0
Comments
sign in to comment!
No comments posted yet!